 Dungeon Crawl Stone Soup version 0.31.0-32-g396128a36d (webtiles) character file.

Game seed: 18152430419613407590

2013 spaghetti the Covert (level 9, 0/62 HPs)
             Began as a Human Chaos Knight on Mar 10, 2024.
             Was a Plaything of Xom.
             Succumbed to an orc wizard's poison
             ... on level 6 of the Dungeon.
             The game lasted 00:10:05 (6324 turns).

spaghetti the Covert (Human Chaos Knight)           Turns: 6324, Time: 00:10:05

Health: 0/62       AC: 12    Str: 10    XL:     9   Next: 22%
Magic:  9/9        EV: 11    Int: 16    God:    Xom [.*....]
Gold:   291        SH:  0    Dex: 17    Spells: 8/8 levels left

rFire   + . .        a - +1 short sword (chaos)
rCold   . . .        (no shield)
rNeg    . . .        b - +2 leather armour
rPois   .            (no helmet)
rElec   .            (no cloak)
rCorr   .            k - +2 pair of gloves {Dex+3}
SInv    .            (no boots)
Will    .....        d - amulet of the acrobat
Stlth   ++           f - ring of protection from fire
HPRegen 0.30/turn    q - +4 ring of protection
MPRegen 0.11/turn

%: acrobat
@: confused, lethally poisoned (0 -> -19), ambrosia-drunk
A: explore regen, frail 1, weak 1, MP-powered wands
a: Renounce Religion


You were on level 6 of the Dungeon.
You worshipped Xom.
You were a plaything of Xom.
You visited 1 branch of the dungeon, and saw 6 of its levels.

You collected 291 gold pieces.

Inventory:

Hand Weapons
 a - a +1 short sword of chaos (weapon)
Missiles
 c - 2 javelins (quivered)
Armour
 b - a +2 leather armour (worn)
 k - a +2 pair of gloves of dexterity (worn)
Jewellery
 d - an amulet of the acrobat (around neck)
 f - a ring of protection from fire (left hand)
 j - a +6 ring of strength
 n - a ring of fire
 q - a +4 ring of protection (right hand)
Wands
 s - a wand of roots (6)
Scrolls
 e - a scroll of teleportation
 l - 2 scrolls of revelation
 m - a scroll of immolation
 r - a scroll of noise
Potions
 i - a potion of ambrosia
 o - 4 potions of enlightenment


   Skills:
 + Level 6.0 Fighting
 - Level 3.0 Short Blades
 - Level 2.0 Armour
 - Level 1.0 Dodging
 - Level 10.0 Stealth
 + Level 5.0 Evocations


You had 8 spell levels left.
You didn't know any spells.
Your spell library contained the following spells:

 Spells                   Type           Power      Damage    Failure   Level
 Jinxbite                 Hex            0%         N/A       45%         2
 Yara's Violent Unravell  Hex/Alch       0%         3d3       100%        5
 Enfeeble                 Hex            0%         N/A       100%        7


Dungeon Overview and Level Annotations

Branches:
Dungeon (6/15)             Temple (0/1) D:5

Altars:
Hepliaklqana

Annotations:
D:2 exclusions: door and 1 more exclusion


Innate Abilities, Weirdness & Mutations

You regain HP and MP as you explore.
You are frail. (-10% HP)
You are weak. (Str -2)
You expend magic power (3 MP) to strengthen your wands.


Message History

Unknown command.
You bump into the rock wall.
* * * LOW HITPOINT WARNING * * *
You feel very sick. The adder closely misses you. Something hits you.
* * * LOW HITPOINT WARNING * * *
You are more poisoned.
Your orc priest zombie hits the adder but does no damage.
Unknown command.
You bump into the rock wall.
* * * LOW HITPOINT WARNING * * *
You feel very sick. The adder bites you.
* * * LOW HITPOINT WARNING * * *
You are more poisoned.
The adder poisons you! Something hits you but does no damage.
You are more poisoned.
The adder bites you but does no damage.
Your orc priest zombie hits the adder.
Unknown command.
You hit something. You freeze something.
* * * LOW HITPOINT WARNING * * *
You feel very sick. The adder barely misses you.
Something hits you but does no damage.
You are more poisoned.
Okay, then.
You are too confused!
* * * LOW HITPOINT WARNING * * *
You feel extremely sick.
Something closely misses your orc priest zombie.
You bump into the rock wall.
* * * LOW HITPOINT WARNING * * *
You feel very sick. The adder closely misses you.
Your orc priest zombie closely misses the adder.
Something hits your orc priest zombie.
Your orc priest zombie is destroyed!
You are more confused.
You feel more invigorated.
You die...
Xom chortles!

##****,****,#,***.#
*,* .#,,,*,* *,#.*
*.# *,* ##,*∩*,*
*,#.###.# *,*
##,***,****,*...).*
#######*
.#,,,,,*,..,,*#..#*
##~~~~~##
.#****,#*##..##..#
#.......##
.#####(#.......{)#
#._.....'.
........###..###S#
#....)..#.
#.#.##### #..# #@#
##~~~~~### #.#.#
#..# #.# ####### #
#.#.# #..# #.# #
#.#.#######..# #.#
#
#.#..........###.#
#
#.#########.##...##
# #.# #))......#
######## *,*
#.#).....# #.......
*,* #.)......#
#.######


You could see an adder.

Vanquished Creatures
  Sigmund (D:3)
  Menkaure (D:5)
  2 ice beasts
  4 ogres
  A centaur (D:5)
  A bullfrog (D:5)
  A scorpion (D:4)
  A gnoll sergeant (D:6)
  A howler monkey (D:6)
  A bombardier beetle (D:6)
  A jelly (D:6)
  4 orc priests
  5 hounds
  A sleepcap (D:6)
  4 iguanas
  4 orc wizards (D:5)
  11 adders
  11 gnolls
  2 ufetubi (D:5)
  A dart slug (D:4)
  3 ribbon worms
  18 orcs
  6 bats
  9 endoplasms
  5 giant cockroaches
  6 goblins
  9 hobgoblins
  7 quokkas
  4 ball pythons
  4 frilled lizards
  4 kobolds
  4 rats
  A spectral kobold (D:6)
138 creatures vanquished.

Vanquished Creatures (collateral kills)
  2 gnolls
  An orc (D:6)
3 creatures vanquished.

Vanquished Creatures (others)
  An adder zombie (D:4)
  An orc zombie (D:6)
2 creatures vanquished.

Grand Total: 143 creatures vanquished

Notes
Turn   | Place    | Note
-------+----------+-------------------------------------------
     0 | D:1      | spaghetti the Human Chaos Knight began the quest for the
                  | Orb.
     0 | D:1      | Reached XP level 1. HP: 18/18 MP: 1/1
     6 | D:1      | Noticed a polar bear
     6 | D:1      | Noticed an iguana
     6 | D:1      | Noticed a black mamba
     7 | D:1      | Noticed a redback
     7 | D:1      | Noticed a rime drake
    97 | D:1      | Reached skill level 1 in Stealth
   136 | D:1      | Reached XP level 2. HP: 24/24 MP: 2/2
   295 | D:1      | XOM: divination: detect creatures
   299 | D:1      | Reached skill level 2 in Stealth
   521 | D:2      | XOM: noise
   526 | D:2      | XOM: smoke on damage
   705 | D:2      | Reached XP level 3. HP: 29/29 MP: 3/3
   721 | D:2      | Reached skill level 3 in Stealth
   937 | D:2      | XOM: potion effect (haste)
   976 | D:2      | XOM: silly message
  1058 | D:2      | XOM: divination: magic mapping
  1072 | D:2      | XOM: silly message
  1092 | D:2      | Reached XP level 4. HP: 34/35 MP: 4/4
  1095 | D:2      | Reached skill level 4 in Stealth
  1145 | D:1      | XOM: silly message
  1166 | D:2      | XOM: silly message
  1234 | D:3      | You fall into a shaft and drop 2 floors!
  1234 | D:5      | Entered Level 5 of the Dungeon
  1244 | D:5      | XOM: potion effect (heal wounds)
  1254 | D:5      | Noticed an ogre
  1292 | D:5      | XOM: silly message
  1294 | D:5      | XOM: potion effect (brilliance)
  1309 | D:5      | XOM: 3-stop teleportation journey
  1312 | D:4      | XOM: stealth player
  1315 | D:4      | Noticed a scorpion
  1351 | D:4      | Killed a scorpion
  1352 | D:4      | Reached skill level 5 in Stealth
  1352 | D:4      | Reached XP level 5. HP: 27/41 MP: 5/5
  1496 | D:3      | XOM: stat loss: -1 Int (13/14)
  1734 | D:3      | XOM: butterfly on damage
  1737 | D:4      | Reached skill level 6 in Stealth
  1884 | D:4      | Reached XP level 6. HP: 24/47 MP: 6/6
  2007 | D:3      | XOM: fog
  2231 | D:2      | XOM: god gift: leather armour {god gift}
  2586 | D:3      | Noticed Sigmund
  2599 | D:3      | Killed Sigmund
  2600 | D:3      | Reached skill level 7 in Stealth
  2600 | D:3      | Reached XP level 7. HP: 43/52 MP: 7/7
  2959 | D:4      | XOM: enchant monster (bad)
  3009 | D:3      | XOM: stat loss: -1 Int (13/14)
  3095 | D:4      | Reached skill level 8 in Stealth
  3388 | D:4      | a ball python changed into a guardian serpent
  3388 | D:4      | Noticed a guardian serpent
  3388 | D:4      | XOM: polymorph ball python -> guardian serpent
  3441 | D:5      | XOM: give mutations
  3441 | D:5      | Gained mutation: You are weak. (Str -2) [Xom's mischief]
  3441 | D:5      | Gained mutation: You occasionally lose the ability to read
                  | scrolls when taking damage. [Xom's mischief]
  3441 | D:5      | Gained mutation: You expend magic power (3 MP) to
                  | strengthen your wands. [Xom's mischief]
  3456 | D:5      | Reached skill level 9 in Stealth
  3730 | D:5      | XOM: 1-stop teleportation journey
  3739 | D:5      | Reached XP level 8. HP: 30/58 MP: 8/8
  3744 | D:5      | Reached skill level 10 in Stealth
  3918 | D:5      | Found a staircase to the Ecumenical Temple.
  3948 | D:5      | XOM: noise
  3959 | D:5      | Reached skill level 1 in Evocations
  4115 | D:5      | XOM: potion effect (berserk rage)
  4137 | D:5      | XOM: divination: detect creatures
  4147 | D:5      | XOM: potion effect (might)
  4777 | D:5      | Noticed Menkaure
  4793 | D:5      | Killed Menkaure
  4960 | D:5      | XOM: noise
  4999 | D:5      | XOM: enchant monster (bad)
  5001 | D:5      | XOM: cast spell 'Animate Armour'
  5188 | D:6      | Reached skill level 5 in Fighting
  5261 | D:6      | Found a hazy altar of Hepliaklqana.
  5484 | D:6      | XOM: repel stairs
  5506 | D:5      | Reached XP level 9. HP: 27/68 MP: 9/9
  5522 | D:5      | XOM: summons 1 hostile shadow creature
  5524 | D:5      | XOM: polymorph shadow imp -> lemure
  5760 | D:5      | XOM: give mutations
  5760 | D:5      | Gained mutation: Your system is resistant to poisons.
                  | (rPois) [Xom's mischief]
  5760 | D:5      | Lost mutation: You occasionally lose the ability to read
                  | scrolls when taking damage. [Xom's mischief]
  5760 | D:5      | Lost mutation: Your system is resistant to poisons. (rPois)
                  | [Xom's mischief]
  5760 | D:5      | Gained mutation: You are frail. (-10% HP) [Xom's mischief]
  5839 | D:6      | XOM: silly message
  6159 | D:6      | Reached skill level 5 in Evocations
  6281 | D:6      | XOM: enchant monster (bad)
  6309 | D:6      | XOM: noise
  6322 | D:6      | HP: 2/62 [poisoned by an orc wizard]
  6324 | D:6      | Succumbed to an orc wizard's poison

Illustrated notes

Levels and vault maps discovered:
D:1:      onia_arrival_zoo_common, layout_rooms, minmay_misc_feat_doors,
          minmay_tetromino_o2
D:2:      layout_basic
D:3:      wander_river, layout_loops_cross, dk_noncrumbling_2, corner_web_ring,
          corexii_item_surrounded_by_moat, uniq_sigmund
D:4:      layout_cave_pools, portal_sewer_entry_e, minmay_pentomino_pile
D:5:      layout_loops_corners, minmay_temple_entry_offerings, uniq_menkaure
D:6:      layout_loops_ring, nicolae_hepliaklqana_monster_ancestors,
          serial_shops, nicolae_shop_back_alley_shop, uniq_edmund

Skill      XL: |  1  2  3  4  5  6  7  8  9 |
---------------+----------------------------+-----
Stealth        | 1 2 3 5 6 7 9 10 | 10.0
Evocations     | 4 5 |  5.0
Fighting       | 5 6 |  6.0
Short Blades   | |  3.0
Armour         | |  2.0
Dodging        | |  1.0

Action                     |  1- 3 |  4- 6 |  7- 9 || total
---------------------------+-------+-------+-------++-------
  Melee: Short sword       |    91 |   171 |   427 ||   689
         Punch             |     1 |     3 |     9 ||    13
  Throw: Throwing net      |     1 |       |       ||     1
  Evoke: Wand              |       |       |     2 ||     2
    Use: Scroll            |     6 |     1 |     9 ||    16
         Potion            |       |     4 |     8 ||    12
   Stab: Sleeping          |     3 |     6 |    11 ||    20
         Distracted        |     2 |       |       ||     2
         Confused          |       |     2 |     2 ||     4
         Petrified         |       |     1 |     1 ||     2
         Paralysed         |       |       |     1 ||     1
         Petrifying        |       |       |     1 ||     1
 Armour: Leather armour    |    50 |    90 |   299 ||   439
  Dodge: Dodged            |    41 |   102 |   257 ||   400
